 Dungeon Crawl Stone Soup version 0.27-a0-1217-g8a41f320e8 (webtiles) character file.

Game seed: 2042014409682301946

266 reriks the Sneak (level 6, 0/28 HPs)
             Began as a Spriggan Conjurer on June 5, 2021.
             Splashed by a kobold's acid (11 damage)
             ... on level 3 of the Dungeon.
             The game lasted 00:08:27 (4125 turns).

reriks the Sneak (Spriggan Conjurer)                Turns: 4125, Time: 00:08:27

Health: 0/28       AC: -2    Str:  3    XL:     6   Next: 0%
Magic:  8/13       EV: 18    Int: 22    God:
Gold:   194        SH:  0    Dex: 13    Spells: 8/13 levels left

rFire    . . .     SeeInvis +   k - staff of cold
rCold    + . .     Faith    .   (shield currently unavailable)
rNeg     . . .     Spirit   .   a - +0 robe
rPois    .         Reflect  .   (helmet restricted)
rElec    .         Harm     .   (no cloak)
rCorr    .         Rampage  .   (gloves unavailable)
Will     ++...                  (boots unavailable)
Stlth    +++.......             (no amulet)
HPRegen  0.09/turn              i - ring of willpower
MPRegen  0.13/turn              (no ring)

@: corroded, very quick
A: very small, no large weapons, unfitting armour, see invisible, speed 3
a: no special abilities


You were on level 3 of the Dungeon.
You visited 1 branch of the dungeon, and saw 3 of its levels.

You collected 194 gold pieces.

Inventory:

Hand Weapons
 g - a +0 short sword
Missiles
 d - 10 poisoned darts (quivered)
Armour
 a - a +0 robe (worn)
Magical Staves
 k - a staff of cold (weapon)
Jewellery
 i - a ring of willpower (left hand)
Wands
 j - a wand of paralysis (3)
Scrolls
 c - a scroll of torment {unknown}
 f - a scroll of fear {unknown}
 h - a scroll of identify {unknown}
 l - a scroll of immolation {unknown}
 n - 3 scrolls of fog
Potions
 b - 3 potions of heal wounds {unknown}
 e - 2 potions of curing {unknown}
 m - a potion of resistance {unknown}


   Skills:
 + Level 4.7 Dodging
 + Level 5.5 Stealth
 + Level 4.4 Spellcasting
 + Level 3.7 Conjurations


You had 8 spell levels left.
You knew the following spells:

 Your Spells              Type           Power      Damage    Failure   Level
a - Magic Dart            Conj           84%        1d7       2%          1
b - Searing Ray           Conj           42%        3d4       3%          2
c - Ensorcelled Hibernat  Hex/Ice        14%        N/A       16%         2

Your spell library contained the following spells:

 Spells                   Type           Power      Damage    Failure   Level
 Corona                   Hex            4%         N/A       11%         1
 Dazzling Flash           Conj/Hex       26%        N/A       14%         3
 Confusing Touch          Hex            4%         N/A       32%         3
 Tukima's Dance           Hex            4%         N/A       32%         3
 Fulminant Prism          Conj/Hex       6%         3d7       43%         4
 Iskenderun's Mystic Bla  Conj/Tloc      13%        2d5       43%         4


Dungeon Overview and Level Annotations

Branches:
Dungeon (3/15)

Altars:
Qazlal

Annotations:
D:3 pigah's ghost, amateur OpWn


Innate Abilities, Weirdness & Mutations

You are very small and have problems with some larger weapons.
You are too small for most types of armour.
You have supernaturally acute eyesight. (SInv)
You cover ground extremely quickly. (Speed+++)


Message History

You see here a +0 ring mail.
The kobold shouts!
There are monsters nearby!
Casting: Magic Dart (safe; 2% risk of failure)
Confirm with . or Enter, or press ? or * to list all spells.
Aiming: Magic Dart (safe; 2% risk of failure)
Press: ? - help, Shift-Dir - straight line, f - kobold
Aim: a kobold, wielding a +0 whip and quivering stones (100% to hit)
The magic dart hits the kobold.
You kill the kobold!
The kobold shouts!
You have reached level 6!
Your experience leads to an increase in your attributes!
Increase (S)trength, (I)ntelligence, or (D)exterity?
You feel clever.
Casting: Magic Dart (safe; 2% risk of failure)
Confirm with . or Enter, or press ? or * to list all spells.
Aiming: Magic Dart (safe; 2% risk of failure)
Press: ? - help, Shift-Dir - straight line, f - kobold
Aim: a kobold, wielding a +2 rapier of venom (100% to hit)
The magic dart hits the kobold.
You kill the kobold!
Casting: Magic Dart (safe; 2% risk of failure)
Confirm with . or Enter, or press ? or * to list all spells.
Aiming: Magic Dart (safe; 2% risk of failure)
Press: ? - help, Shift-Dir - straight line, f - kobold
Aim: a kobold, wielding a +0 short sword and carrying a wand of acid (7) (100% to hit)
The magic dart hits the kobold.
The kobold is moderately wounded.
Casting: Magic Dart (safe; 2% risk of failure)
Confirm with . or Enter, or press ? or * to list all spells.
Aiming: Magic Dart (safe; 2% risk of failure)
Press: ? - help, Shift-Dir - straight line, f/p - kobold
Aim: a kobold, wielding a +0 short sword and carrying a wand of acid (7) (moderately wounded, 100% to hit)
The magic dart hits the kobold but does no damage.
The kobold is moderately wounded.
The kobold zaps a wand.
The bolt of acid hits you!
Ouch! That really hurt!
The acid corrodes you!
You are splashed with acid!
You die...

##...# #.##..........#..#....###
##..####.#.....#...............#
#..<........###.....#.........#
#.#.[...#.....(...#.#.........#
###..........#..#####...........#
...............## ##K...........#
.............#..# #..#.#.########
............###.###.##.#.#
............# #.@##K##.#.#
............# ##..#K##.#.#
............# #.K.)......#
............###..........#
....#######............(.########
.....##.⌠.##......))............#
###### #.#.#.##).........########
# ...#..'..........##....# #
[.....'W.#.......##>...#


You could see a kobold.

Vanquished Creatures
  Grinder (D:3)
  An adder (D:3)
  A worm (D:3)
  A dart slug (D:2)
  3 ball pythons
  3 bats
  9 endoplasms
  A giant cockroach (D:1)
  4 hobgoblins
  9 jackals
  9 kobolds
  2 quokkas (D:1)
  5 frilled lizards
  4 goblins
  3 rats
56 creatures vanquished.

Notes
Turn   | Place    | Note
-------+----------+-------------------------------------------
     0 | D:1      | reriks the Spriggan Conjurer began the quest for the Orb.
     0 | D:1      | Reached XP level 1. HP: 9/9 MP: 5/5
   456 | D:1      | Reached XP level 2. HP: 10/13 MP: 1/7
  2162 | D:2      | Reached XP level 3. HP: 16/16 MP: 0/8
  2473 | D:2      | Found a faded altar of an unknown god.
  2865 | D:3      | Learned a level 2 spell: Searing Ray
  2947 | D:3      | Reached skill level 4 in Stealth
  2991 | D:3      | Found a stormy altar of Qazlal.
  3411 | D:3      | Learned a level 2 spell: Ensorcelled Hibernation
  3480 | D:3      | Noticed Grinder
  3539 | D:3      | Killed Grinder
  3540 | D:3      | Reached skill level 5 in Stealth
  3540 | D:3      | Reached XP level 4. HP: 21/21 MP: 3/11
  3540 | D:3      | Reached XP level 5. HP: 24/24 MP: 3/12
  3770 | D:3      | Found a runed translucent gate.
  3770 | D:3      | Found a runed translucent gate.
  3772 | D:3      | Found a runed translucent gate.
  3796 | D:3      | Noticed pigah's ghost (amateur OpWn)
  4122 | D:3      | Reached XP level 6. HP: 28/28 MP: 11/13
  4125 | D:3      | Splashed by a kobold's acid

Illustrated notes

Levels and vault maps discovered:
D:1:      dpeg_arrival_tiny_a, layout_rooms, hex_large, lemuel_flame_loot_1
D:2:      layout_basic, chequers_ecumenical_altar_grove
D:3:      layout_rooms, overflow_temple_1_default,
          gammafunk_ghost_nasty_kobolds, kennysheep_generic_room_9, uniq_grinder

Skill      XL: |  1  2  3 |
---------------+----------+-----
Conjurations   | 3 |  3.7
Dodging        | 3 4 |  4.7
Spellcasting   | 3 4 |  4.4
Stealth        | 5 |  5.5

Action                   |  1- 3 |  4- 6 || total
-------------------------+-------+-------++-------
Melee: Staff             |    17 |       ||    17
Throw: Dart              |     8 |       ||     8
 Cast: Magic Dart        |   134 |    18 ||   152
       Searing Ray       |       |     6 ||     6
Evoke: Wand              |     6 |       ||     6
  Use: Scroll            |     2 |       ||     2
 Stab: Paralysed         |    16 |       ||    16
Dodge: Dodged            |     2 |    12 ||    14

Table legend: (Time is in decaauts)
 A = Elapsed time spent in this place.
 B = Non-inter-level travel time spent in this place.
 C = Inter-level travel time spent in this place.
 D = Time resting spent in this place.
 E = Time spent auto-exploring this place.
 F = Levels seen in this place.
 G = Mean time per level.
                   A        B        C        D        E       F      G
               +--------+--------+--------+--------+--------+-----+--------+
         Total |   3336 |   3182 |    154 |   1675 |   1007 |   3 | 1112.0 |
       Dungeon |   3336 |   3182 |    154 |   1675 |   1007 |   3 | 1112.0 |
               +--------+--------+--------+--------+--------+-----+--------+

Top non-repeatable levels by time:
     D:1: 1774 daAuts
     D:2: 841 daAuts
     D:3: 719 daAuts
